 Dungeon Crawl Stone Soup version 0.24.0-13-gcf9b319 (webtiles) character file.

Game seed: 1923420135939196629, levelgen mode: deterministic

547 Fortress the Conjurer (level 7, -3/50 HPs)
             Began as a Red Draconian Conjurer on Jan 12, 2020.
             Shot with an arrow by a centaur (16 damage)
             ... on level 5 of the Dungeon.
             The game lasted 00:15:07 (3424 turns).

Fortress the Conjurer (Red Draconian Conjurer)      Turns: 3424, Time: 00:15:08

Health: -3/50      AC:  6    Str: 10    XL:     7   Next: 7%
Magic:  1/13       EV: 12    Int: 20    God:
Gold:   183        SH:  0    Dex: 11    Spells: 8/15 levels left

rFire    + . .     SeeInvis .   j - +4 whip
rCold    . . .     Gourm    .   (no shield)
rNeg     . . .     Faith    .   (armour unavailable)
rPois    .         Spirit   .   (helmet restricted)
rElec    .         Reflect  .   (no cloak)
rCorr    +         Harm     .   (no gloves)
MR       .....                  (no boots)
Stlth    ++........             (no amulet)
HPRegen  0.16/turn              q - +2 ring of intelligence
MPRegen  0.13/turn              g - ring of resist corrosion

@: lethally poisoned (-3 -> -5)
A: breathe fire, unfitting armour, fire resistance 1, cold-blooded, AC +6
a: Breathe Fire


You were on level 5 of the Dungeon.
You were hungry.

You visited 1 branch of the dungeon, and saw 5 of its levels.

You collected 183 gold pieces.

Inventory:

Hand Weapons
 f - a +1 flail of holy wrath
 j - a +4 whip (weapon)
Missiles
 p - 7 poisoned darts (quivered)
Jewellery
 g - a ring of resist corrosion (right hand)
 q - a +2 ring of intelligence (left hand)
Wands
 k - a wand of flame (13)
 l - a wand of polymorph (11)
Scrolls
 a - 2 scrolls of identify
 c - a scroll of fog {unknown}
 d - 2 scrolls of remove curse
 i - 4 scrolls of blinking
 m - a scroll of fear
 n - 2 scrolls of noise {unknown}
 o - a scroll of immolation {unknown}
 s - a scroll of teleportation
Potions
 e - a potion of degeneration {unknown}
 h - a potion of curing
 r - a potion of mutation
 t - 2 potions of resistance
 u - 2 potions of brilliance
Comestibles
 b - 2 rations


   Skills:
 + Level 1.6 Maces & Flails
 - Level 2.0 Dodging
 - Level 2.0 Stealth
 - Level 0.5 Unarmed Combat
 + Level 4.5 Spellcasting
 + Level 6.7 Conjurations


You had 8 spell levels left.
You knew the following spells:

 Your Spells              Type           Power        Failure   Level  Hunger
a - Magic Dart            Conj           ####         1%          1    None
b - Searing Ray           Conj           ####..       1%          2    #......
c - Iskenderun's Mystic   Conj           ####....     8%          4    ####...

Your spell library contained the following spells:

 Spells                   Type           Power        Failure   Level  Hunger
 Conjure Flame            Conj/Fire      ###.....     9%          3    ##.....
 Dazzling Spray           Conj/Hex       ###...       9%          3    ##.....
 Mephitic Cloud           Conj/Pois/Air  ##......     14%         3    ##.....
 Blink                    Tloc           N/A          19%         2    #......
 Call Imp                 Summ           #.......     19%         2    #......
 Slow                     Hex            #.......     19%         2    #......
 Force Lance              Conj/Tloc      ###.....     30%         4    ####...
 Fulminant Prism          Conj/Hex       ###.......   30%         4    ####...


Dungeon Overview and Level Annotations

Branches:
Dungeon (5/15)
 Temple: D:4-7

Altars:
Kikubaaqudgha
Makhleb
Nemelex Xobeh
Sif Muna


Innate Abilities, Weirdness & Mutations

You can breathe blasts of fire.
Your fiery red scales are hard. (AC +6)
You cannot fit into any form of body armour.
Your flesh is heat resistant. (rF+)
You are cold-blooded and may be slowed by cold attacks.


Message History

You kill the orc!
The centaur shoots an arrow.
The arrow completely misses you.
Casting: Magic Dart (safe; 1% risk of failure)
Confirm with . or Enter, or press ? or * to list all spells.
You don't have enough magic to cast that spell.
You hit the orc.
The orc is moderately wounded.
You feel sick. The orc barely misses you.
You hit the orc.
The orc is almost dead.
The orc misses you.
You completely miss the orc.
The orc is almost dead.
You feel sick. The orc barely misses you.
You hit the orc.
You kill the orc!
The centaur shoots an arrow.
The arrow hits you!
* * * LOW HITPOINT WARNING * * *
The centaur shoots an arrow.
The arrow hits you!
You die...

#.###.# #. #...#.###### #.
#..........####.#### #.
#...(.#.##.#.......# #.
#...(...##.#.##.##.# #.
c....###...##.#.##.##.###.
.#? ##c†#<.............
#)#...#.##.##.###.
#@##..#.##.##.# #.
#.####..)......# #. ...
#..######### #. .....
#.#.# #. #####... #.# #.
#.. #.# . #. .. #.


You could see a centaur.

Vanquished Creatures
  A bullfrog (D:4)
  A howler monkey (D:5)
  A crimson imp (D:4)
  4 hounds
  A bullfrog skeleton (D:4)
  A centaur skeleton (D:4)
  Jessica (D:2)
  2 worker ants
  A hound zombie (D:3)
  A hound skeleton (D:3)
  A gnoll (D:1)
  3 adders
  A shadow imp (D:5)
  2 oozes (D:1)
  A worm (D:3)
  A dart slug (D:1)
  3 leopard geckos
  5 orcs
  4 giant cockroaches
  6 hobgoblins
  3 quokkas
  4 ball pythons
  A ball python skeleton (D:3)
  6 bats
  7 frilled lizards
  A giant cockroach zombie (D:3)
  2 goblins (D:1)
  9 kobolds
  8 rats
82 creatures vanquished.

Notes
Turn   | Place    | Note
-------+----------+-------------------------------------------
     0 | D:1      | Fortress the Draconian Conjurer began the quest for the
                  | Orb.
     0 | D:1      | Reached XP level 1. HP: 14/14 MP: 3/3
   182 | D:1      | Reached XP level 2. HP: 14/20 MP: 0/5
   534 | D:1      | Reached XP level 3. HP: 21/26 MP: 0/6
   930 | D:2      | Reached skill level 5 in Conjurations
  1220 | D:2      | Reached XP level 4. HP: 33/33 MP: 3/7
  1266 | D:2      | Noticed Jessica
  1269 | D:2      | Killed Jessica
  1271 | D:2      | Found a sparkling altar of Nemelex Xobeh.
  1572 | D:2      | Found a shimmering blue altar of Sif Muna.
  1573 | D:2      | Found an ancient bone altar of Kikubaaqudgha.
  1757 | D:3      | Learned a level 2 spell: Searing Ray
  2292 | D:3      | Reached XP level 5. HP: 38/38 MP: 6/9
  2602 | D:4      | Reached skill level 6 in Conjurations
  2695 | D:4      | Found a burning altar of Makhleb.
  2754 | D:4      | Reached XP level 6. HP: 45/45 MP: 4/11
  2895 | D:4      | Reached skill level 1 in Maces & Flails
  3349 | D:5      | Entered Level 5 of the Dungeon
  3378 | D:5      | Learned a level 4 spell: Iskenderun's Mystic Blast
  3398 | D:5      | Your scales start taking on a fiery red colour.
  3398 | D:5      | Reached XP level 7. HP: 41/50 MP: 7/13
  3398 | D:5      | Gained mutation: Your flesh is heat resistant. (rF+) [Red
                  | Draconian growth]
  3424 | D:5      | Shot with an arrow by a centaur

Levels and vault maps discovered:
D:1:      nzn_arrival_depleted_hourglass, layout_basic
D:2:      layout_basic, nemelex_altar_shiori, minitemple, uniq_jessica
D:3:      layout_rooms, serial_undead, serial_undead_f, serial_undead_b,
          serial_undead_f, serial_undead_b, serial_undead_b
D:4:      lemuel_upstairs_altar, layout_loops_cross, bloody_makhleb
D:5:      layout_loops_ring, minmay_temple_entry_purple_smoke, first_ration

Skill      XL: |  1  2  3  4  5  6 |
---------------+-------------------+-----
Dodging        | 2 |  2.0
Stealth        | 2 |  2.0
Conjurations   | 5 6 |  6.7
Spellcasting   | 3 4 |  4.5
Maces & Flails | 1 |  1.6
Unarmed Combat | |  0.5

Action                   |  1- 3 |  4- 6 |  7- 9 || total
-------------------------+-------+-------+-------++-------
Melee: Unarmed           |    60 |       |       ||    60
       Tailslap          |     5 |     2 |       ||     7
       Whip              |       |    26 |     8 ||    34
 Cast: Magic Dart        |    63 |   119 |    11 ||   193
  Use: Scroll            |       |    11 |       ||    11
 Stab: Sleeping          |       |     2 |       ||     2
  Eat: Chunk             |     1 |     4 |       ||     5
       Ration            |       |     1 |       ||     1
Armor: Skin              |    23 |     9 |     1 ||    33
Dodge: Dodged            |    63 |    35 |    13 ||   111
